 Dungeon Crawl Stone Soup version 0.24.0-10-g970556be89 (console) character file.

Game seed: 11733195995947250801, levelgen mode: deterministic

49 Cab the Grave Robber (level 3, 0/24 HPs)
             Began as a Mummy Necromancer on Nov 4, 2019.
             Slain by Natasha (9 damage)
             ... on level 2 of the Dungeon.
             The game lasted 00:04:18 (1359 turns).

Cab the Grave Robber (Mummy Necromancer)            Turns: 1359, Time: 00:04:19

Health: 0/24       AC:  2    Str: 11    XL:     3   Next: 51%
Magic:  4/7        EV: 12    Int: 15    God:
Gold:   38         SH:  0    Dex: 12    Spells: 4/8 levels left

rFire    x . .     SeeInvis .   (no weapon)
rCold    + . .     Gourm    .   (no shield)
rNeg     + + +     Faith    .   a - +0 robe
rPois    ∞         Spirit   .   (no helmet)
rElec    .         Reflect  .   (no cloak)
rCorr    .         Harm     .   (no gloves)
MR       .....                  (no boots)
Stlth    ++........             b - amulet of inaccuracy (curse)
HPRegen  0.08/turn              (no ring)
MPRegen  0.10/turn              (no ring)

@: no status effects
A: no food or potions, fire vulnerability, cold resistance 1, negative energy
resistance 3, torment resistance, unbreathing
a: no special abilities


You were on level 2 of the Dungeon.
You were not hungry.

You visited 1 branch of the dungeon, and saw 2 of its levels.

You collected 38 gold pieces.

Inventory:

Armour
 a - a +0 robe (worn)
Jewellery
 b - a cursed amulet of inaccuracy (around neck)
Scrolls
 c - 3 scrolls of identify {unknown}
 d - a scroll of remove curse {unknown}
 e - a scroll of enchant armour {unknown}
 f - a scroll of amnesia {unknown}
 g - a scroll of random uselessness {unknown}


   Skills:
 - Level 1.5 Dodging
 - Level 1.5 Stealth
 + Level 3.3 Spellcasting
 * Level 5.0 Necromancy


You had 4 spell levels left.
You knew the following spells:

 Your Spells              Type           Power        Failure   Level  Hunger
a - Pain                  Necr           ###.         2%          1    N/A
b - Vampiric Draining     Necr           ###.......   8%          3    N/A

Your spell library contained the following spells:

 Spells                   Type           Power        Failure   Level  Hunger
 Animate Skeleton         Necr           N/A          2%          1    N/A
 Animate Dead             Necr           N/A          24%         4    N/A
 Regeneration             Chrm/Necr      Unusable     N/A         3    N/A

Dungeon Overview and Level Annotations

Branches:
Dungeon (2/15)

Altars:

Annotations:
D:2 Natasha


Innate Abilities, Weirdness & Mutations

You do not eat or drink.
Your flesh is vulnerable to fire.
You are immune to poison.
Your flesh is cold resistant. (rC+)
You are immune to negative energy. (rN+++)
You are immune to unholy pain and torment.
You can survive without breathing.


Message History

The bat closely misses you.
Casting: Pain (safe; 2% risk of failure)
Confirm with . or Enter, or press ? or * to list all spells.
Aiming: Pain (safe; 2% risk of failure)
Press: ? - help, Shift-Dir - straight line, f/p - bat
Aim: a bat (severely wounded, chance to defeat MR: 87%)
The bat writhes in agony.
You kill the bat!
Natasha claws you.
Press: ? - help, v - describe, . - travel
Here: Natasha The floor.
Unknown command.
Casting: Pain (safe; 2% risk of failure)
Confirm with . or Enter, or press ? or * to list all spells.
Aiming: Pain (safe; 2% risk of failure)
Press: ? - help, Shift-Dir - straight line, f - Natasha
Aim: Natasha (chance to defeat MR: 76%) Natasha writhes in agony.
Natasha claws you!
You die... ▒∙∙∙ ∙▒▒▒▒▒▒▒▒▒▒▒ ▒▒∙∙∙ ∙∙∙∙∙∙∙∙∙∙∙∙

▒▒▒▒∙∙∙▒ ▒▒▒▒▒∙∙∙▒▒▒ ▒∙∙∙∙∙∙▒
▒▒▒∙▒ ▒∙∙∙∙∙∙▒ ▒∙▒ ∙▒∙∙∙∙∙∙▒
▒∙▒ ∙∙∙∙∙∙∙∙▒▒▒▒▒▒▒▒▒▒▒▒▒▒
▒∙▒▒▒
▒∙∙∙∙∙55∙bgh@%∙∙∙∙∙∙▒▒▒▒▒∙∙∙∙
▒∙∙∙∙∙r▒▒▒▒▒▒▒▒▒▒▒▒∙∙∙∙∙∙∙∙∙∙
▒∙∙∙∙∙∙▒ ▒▒▒▒▒▒▒▒▒▒▒ ▒∙∙∙∙∙∙▒
▒∙∙∙∙∙∙▒ ▒▒▒▒▒▒▒▒


You could see an iron imp, Natasha, a shadow imp, a hobgoblin, a bat and a rat.

Vanquished Creatures
  An adder (D:2)
  An ooze (D:1)
  2 dart slugs (D:1)
  A leopard gecko (D:1)
  2 bats (D:2)
  2 giant cockroaches (D:2)
  6 hobgoblins
  2 jackals (D:1)
  A frilled lizard (D:1)
  4 goblins
  2 kobolds (D:1)
  4 rats
28 creatures vanquished.

Notes
Turn   | Place    | Note
-------+----------+-------------------------------------------
     0 | D:1      | Cab the Mummy Necromancer began the quest for the Orb.
     0 | D:1      | Reached XP level 1. HP: 13/13 MP: 4/4
   173 | D:1      | Reached XP level 2. HP: 18/19 MP: 1/5
  1091 | D:2      | Reached XP level 3. HP: 24/24 MP: 4/7
  1211 | D:2      | Reached skill level 5 in Necromancy
  1263 | D:2      | Learned a level 3 spell: Vampiric Draining
  1316 | D:2      | Noticed Natasha
  1359 | D:2      | Slain by Natasha

Levels and vault maps discovered:
D:1:      shiori_arrival_oz, layout_basic
D:2:      layout_rooms, lemuel_doored_altar, first_ration, bh_walls_and_bars,
          uniq_natasha

Skill      XL: |  1  2  3 |
---------------+----------+-----
Spellcasting   | 3 |  3.3
Necromancy     | 5 |  5.0
Dodging        | |  1.5
Stealth        | |  1.5

Action                   || total
-------------------------++-------
Melee: Unarmed           ||    46
 Cast: Pain              ||    65
Armor: Robe              ||    24
Dodge: Dodged            ||    61
